 Dungeon Crawl Stone Soup version 0.22.1-1-ga44c0e5 (webtiles) character file.

206254 Loudmushroom the Severer (level 18, -10/116 HPs)
             Began as a Gargoyle Fighter on Oct 12, 2018.
             Was the Champion of Okawaru.
             Mangled by a wolf spider (14 damage)
             ... on level 3 of the Spider Nest on Oct 15, 2018.
             The game lasted 04:40:54 (47414 turns).

Loudmushroom the Severer (Gargoyle Fighter)        Turns: 47414, Time: 04:40:54

Health: -10/116    AC: 45    Str: 23    XL:     18   Next: 71%
Magic:  26/26      EV: 10    Int: 10    God:    Okawaru [******]
Gold:   2678       SH:  0    Dex: 21    Spells: 17/17 levels left

rFire    + . .     SeeInvis +   a - +4 broad axe of Lusuept {flame, rC+}
rCold    + . .     Gourm    .   R - +1 large shield {AC+3}
rNeg     + + .     Faith    +   d - +6 chain mail of Daffodils {Str-4 Dex+10 Slay+2}
rPois    ∞         Spirit   .   p - +0 hat {SInv}
rElec    +         Reflect  .   t - +2 cloak {MR+}
rCorr    .         Harm     .   X - +2 pair of gloves {archery}
MR       +++..                  B - +0 pair of boots {run}
Stlth    ..........             v - amulet of faith
HPRegen  0.29/turn              F - +1 ring of protection
MPRegen  0.20/turn              S - ring of the Tempest {rPois rF+ rN+}

@: confused, flying, quick
A: big wings, magic resistance 1, negative energy resistance 1, electricity
resistance, strong 1, unbreathing, petrification resistance, rot immunity, AC
+13
}: 1/15 runes: decaying
a: Stop Flying, Heroism, Finesse, Renounce Religion


You were on level 3 of the Spider Nest.
You worshipped Okawaru.
Okawaru was exalted by your worship.
You were not hungry.

You visited 6 branches of the dungeon, and saw 32 of its levels.
You also visited: Ice Cave and Volcano.

You collected 2892 gold pieces.
You spent 214 gold pieces at shops.

Inventory:

Hand Weapons
 a - the +4 broad axe of Lusuept (weapon) {flame, rC+}
   (Okawaru gifted it to you on level 3 of the Swamp)

   It has been specially enchanted to burn those struck by it, causing extra
   injury to most foes and up to half again as much damage against particularly
   susceptible opponents.
   Big, fiery blades are also staple armaments of hydra-hunters.
   It protects you from cold.
 b - the +4 hunting sling of Satyriasis {venom, rC+}
   (You bought it in a shop on level 2 of the Orcish Mines)

   It poisons the ammo it fires.
   It protects you from cold.
Missiles
 e - 871 stones
 k - 238 sling bullets
 u - 240 bolts
 A - 34 tomahawks (quivered)
Armour
 d - the +6 chain mail of Daffodils (worn) {Str-4 Dex+10 Slay+2}
   (Okawaru gifted it to you on level 15 of the Dungeon)

   It affects your strength (-4).
   It affects your dexterity (+10).
   It affects your accuracy and damage with ranged weapons and melee attacks
   (+2).
 g - a +2 ring mail of fire resistance
 i - the +0 helmet "Galorepn" {Regen+ Str+2}
   (Okawaru gifted it to you on level 1 of the Lair of Beasts)

   It affects your strength (+2).
   It increases your rate of regeneration.
 p - a +0 hat of see invisible (worn)
 t - a +2 cloak of magic resistance (worn)
 B - a +0 pair of boots of running (worn)
 R - a +1 large shield of protection (worn)
 W - a +0 ring mail of cold resistance
 X - a +2 pair of gloves of archery (worn)
 Z - a scarf of repulsion
Jewellery
 v - an amulet of faith (around neck)
 F - a +1 ring of protection (left hand)
 I - a +3 ring of evasion
 S - the ring of the Tempest (right hand) {rPois rF+ rN+}
   (You found it on level 3 of the Lair of Beasts)

   [ring of positive energy]

   It protects you from fire.
   It protects you from poison.
   It protects you from negative energy.
 T - an uncursed amulet of guardian spirit
Wands
 c - a wand of acid (5)
 m - a wand of flame (110)
 G - a wand of digging (38)
 M - a wand of enslavement (23)
 N - a wand of iceblast (20)
 P - a wand of paralysis (7)
 V - a wand of disintegration (16)
Scrolls
 j - 10 scrolls of identify
 l - 3 scrolls of magic mapping
 n - 13 scrolls of remove curse
 q - 7 scrolls of teleportation
 C - 3 scrolls of fear
 L - 10 scrolls of immolation
 Q - 4 scrolls of fog
 U - 3 scrolls of amnesia
 Y - a scroll of blinking
Potions
 h - 2 potions of cancellation
 o - 3 potions of might
 s - 7 potions of heal wounds
 w - 8 potions of lignification
 x - a potion of agility
 z - 8 potions of haste
 D - 4 potions of mutation
 E - 2 potions of resistance
 H - 14 potions of curing
Miscellaneous
 O - 3 boxes of beasts
Comestibles
 f - 37 rations


   Skills:
 + Level 14.3 Fighting
 * Level 16.3 Axes
 + Level 14.3 Armour
 + Level 5.3 Dodging
 + Level 14.3 Shields
 - Level 10.4 Invocations
 + Level 11.7 Evocations


You had 17 spell levels left.
You didn't know any spells.
Your spell library contained the following spells:

 Spells                   Type           Power        Failure   Level  Hunger
 Corona                   Hex            #......      100%        1    ##.....
 Magic Dart               Conj           #...         100%        1    ##.....
 Sting                    Conj/Pois      #...         100%        1    ##.....
 Blink                    Tloc           N/A          100%        2    ###....
 Call Imp                 Summ           #.......     100%        2    ###....
 Poisonous Vapours        Pois/Air       #.....       100%        2    ###....
 Searing Ray              Conj           #.....       100%        2    ###....
 Slow                     Hex            #.......     100%        2    ###....
 Conjure Flame            Conj/Fire      #.......     100%        3    ####...
 Dazzling Spray           Conj/Hex       #.....       100%        3    ####...
 Inner Flame              Hex/Fire       #.......     100%        3    ####...
 Mephitic Cloud           Conj/Pois/Air  #.......     100%        3    ####...
 Portal Projectile        Hex/Tloc       #.....       100%        3    ####...
 Recall                   Summ/Tloc      N/A          100%        3    ####...
 Cause Fear               Hex            #.........   100%        4    #####..
 Force Lance              Conj/Tloc      #.......     100%        4    #####..
 Fulminant Prism          Conj/Hex       #.........   100%        4    #####..
 Iskenderun's Mystic Bla  Conj           #.......     100%        4    #####..
 Leda's Liquefaction      Hex/Erth       #.........   100%        4    #####..
 Olgreb's Toxic Radiance  Pois           #.......     100%        4    #####..
 Aura of Abjuration       Summ           #.........   100%        5    ######.
 Summon Demon             Summ           #.........   100%        5    ######.
 Summon Forest            Summ/Tloc      #.........   100%        5    ######.
 Summon Mana Viper        Hex/Summ       #.......     100%        5    ######.
 Venom Bolt               Conj/Pois      #.........   100%        5    ######.
 Shadow Creatures         Summ           N/A          100%        6    #######


Dungeon Overview and Level Annotations

Branches:
Dungeon (15/15)            Temple (1/1) D:7            Lair (6/6) D:9
  Swamp (4/4) Lair:4       Spider (4/4) Lair:3        Slime (0/5) Lair:6
    Orc (2/2) D:12            Elf (0/3) Orc:2        Vaults (0/5) D:14
 Depths (0/5) D:15

Altars:
Ashenzari
Cheibriados
Dithmenos
Elyvilon
Fedhas
Gozag
Hepliaklqana
Kikubaaqudgha
Makhleb
Nemelex Xobeh
Okawaru
Qazlal
Sif Muna
Trog
Uskayaw
Vehumet
Xom

Shops:
D:4 ?   Orc:2 (*([

Annotations:
D:15 2 transporters, Zebedee's ghost, journeyman SpHu
Lair:2 1 runed door, PeterLawrence's ghost, journeyman MiFi
Lair:3 exclusion: oklob plant
Lair:5 2 transporters


Innate Abilities, Weirdness & Mutations

You are resistant to torment.
Your stone body is resilient. (AC +13)
You are immune to poison.
Your large and strong wings let you fly indefinitely.
You resist negative energy. (rN+)
You are resistant to electric shocks. (rElec)
You can survive without breathing.
You are immune to petrification.
You are immune to rotting.
You are resistant to hostile enchantments. (MR+)
Your muscles are strong. (Str +2)


Message History

The demonic crawler hits you but does no damage.
The demonic crawler closely misses you.
The demonic crawler hits you but does no damage.
The jumping spider pounces on you but does no damage.
The jumping spider misses you. The tarantella barely misses you.
The moth of wrath bites you!
* * * LOW HITPOINT WARNING * * *
The redback bites you but does no damage.
You're too confused to move!
The wolf spider hits you!
* * * LOW HITPOINT WARNING * * *
The wolf spider barely misses you.
The jumping spider pounces on you but does no damage.
The jumping spider barely misses you.
The tarantella bites you but does no damage.
The redback bites you but does no damage.
The demonic crawler hits you but does no damage.
The demonic crawler closely misses you. The demonic crawler hits you.
* * * LOW HITPOINT WARNING * * *
The wolf spider hits you!
You die...

##....#..##
#.^...####
##.....#.## ### #
###.^....###.# ##
#......##..# .#
###...##...# .#
##........# ##
#.....ssy.# .###
##..##s@s.# .^.#
###..#####s.# ..##
##.#####<....# <.#
##..###.#.....# ..#
##.............#
#####..^...........#
.#....##.###.....#.#
.......###.##....###
............###.^#


You could see a demonic crawler, a wolf spider (berserk), a moth of wrath, a
jumping spider (berserk), a tarantella (berserk) and a redback (berserk).

Vanquished Creatures
  A tentacled monstrosity (Swamp:3)
  Gastronok (D:12)
  3 thorn hunters
  Kirke (Lair:6)
  2 ghost moths (Spider:3)
  2 emperor scorpions (Spider:1)
  4 entropy weavers
  Nessos (D:12)
  3 eidola
  An ettin (Orc:2)
  Snorg (D:14)
  Josephine (Orc:2)
  A fire dragon (Lair:6)
  4 ogre magi
  19 hydras
  A yaktaur captain (D:15)
  3 ghost crabs
  5 death yaks (Lair:6)
  2 tengu warriors
  A queen ant (Lair:6)
  2 death knights
  7 centaur warriors
  14 two-headed ogres
  17 alligators
  A vampire mage (D:13)
  Sonja (Lair:2)
  A deep elf knight (D:14)
  7 skeletal warriors
  Nergalle (D:11)
  6 unseen horrors
  3 deep trolls
  5 spriggan druids
  12 swamp dragons
  A glowing orange brain (shapeshifter) (D:14)
  An orc knight (D:12)
  A phantasmal warrior (D:14)
  4 lindwurms
  2 deep elf magi
  2 ugly things
  7 orb spiders
  A faun (shapeshifter) (D:14)
  5 cyclopes
  3 orc sorcerers
  20 slime creatures
  A moth of wrath (Spider:1)
  12 wolf spiders
  3 elephants
  2 manticores (D:11)
  11 black mambas
  3 molten gargoyles
  3 gargoyles
  A torpor snail (Spider:3)
  Maurice (D:11)
  18 spiny frogs
  A rime drake (Lair:6)
  10 komodo dragons
  12 demonic crawlers
  3 ice devils (IceCv)
  A tengu conjurer (D:13)
  2 freezing wraiths (D:14)
  2 yaktaurs (D:15)
  A harpy zombie (D:14)
  3 meliai (Spider:3)
  21 jumping spiders
  A polar bear (Lair:6)
  13 trolls
  9 tyrant leeches
  11 hornets
  A harpy skeleton (D:15)
  A bog body (Swamp:2)
  Prince Ribbit (D:7)
  6 blink frogs
  8 hippogriffs
  Sigmund (D:6)
  A meliai zombie (D:14)
  4 flying skulls (D:14)
  A centaur simulacrum (D:15)
  7 shadows
  57 redbacks
  9 spriggans
  15 tarantellas
  4 wraiths (Orc:2)
  35 yaks
  3 hogs
  A fire bat (Volcano)
  6 wyverns
  A golden eye (shapeshifter) (D:14)
  2 hungry ghosts
  11 basilisks
  17 vampire mosquitoes
  A steam dragon (Lair:6)
  Edmund (D:6)
  Menkaure (D:6)
  4 insubstantial wisps (Swamp:4)
  A warg (Orc:1)
  16 soldier ants
  15 water moccasins
  3 hell hounds (Lair:6)
  13 swamp worms
  2 acid dragons
  2 hornet zombies (D:15)
  A water moccasin (shapeshifter) (D:15)
  14 porcupines
  7 sky beasts
  A black bear (D:8)
  8 swamp drakes
  18 orc warriors
  2 phantoms
  5 ice beasts
  An eye of draining (D:11)
  3 necrophages
  15 centaurs
  32 ogres
  29 wolves
  10 crocodiles
  Blork the orc (D:5)
  A big kobold (D:9)
  25 bullfrogs
  A wyvern zombie (D:13)
  A gnoll sergeant (D:5)
  2 wyvern skeletons
  A scorpion (D:4)
  A water moccasin skeleton (D:11)
  4 killer bees (D:11)
  9 wights
  7 jellies
  A bullfrog zombie (D:11)
  6 crimson imps
  6 lava snakes
  14 centaur zombies
  19 orc wizards
  Crazy Yiuf (D:6)
  18 orc priests
  15 centaur skeletons
  6 hounds
  5 iguanas
  A bullfrog skeleton (D:7)
  25 worker ants
  2 hound zombies
  A howler monkey zombie (D:4)
  A worker ant zombie (D:11)
  A howler monkey skeleton (D:4)
  8 gnolls
  18 adders
  4 shadow imps
  12 white imps (D:13)
  16 oozes
  3 worms
  A dart slug (D:3)
  9 leopard geckos
  65 orcs
  A ball python (D:4)
  4 bats
  5 giant cockroaches
  14 goblins
  13 hobgoblins
  4 jackals
  10 kobolds
  4 quokkas
  4 frilled lizards
  2 quokka skeletons
  3 rats
  6 fungi
  A plant (Lair:2)
1105 creatures vanquished.

Vanquished Creatures (collateral kills)
  A redback (Spider:1)
1 creature vanquished.

Vanquished Creatures (others)
  2 hydras
  A spriggan druid (Swamp:4)
  A tyrant leech (Swamp:1)
  5 dream sheep (D:6)
  A redback (Spider:1)
  A shadow (D:15)
  2 yaks (Lair:6)
  A swamp worm (Swamp:4)
  A swamp drake (Swamp:4)
  An orc wizard (D:12)
  21 fungi
  2 plants
39 creatures vanquished.

Grand Total: 1145 creatures vanquished

Notes
Turn   | Place    | Note
-------+----------+-------------------------------------------
     0 | D:1      | Loudmushroom the Gargoyle Fighter began the quest for the
                  | Orb.
     0 | D:1      | Reached XP level 1. HP: 14/14 MP: 1/1
    23 | D:1      | Reached skill level 2 in Axes
   183 | D:1      | Reached XP level 2. HP: 18/19 MP: 2/2
   445 | D:1      | Reached XP level 3. HP: 23/23 MP: 3/3
  1181 | D:2      | Reached XP level 4. HP: 27/29 MP: 4/4
  1837 | D:3      | Reached skill level 3 in Axes
  2112 | D:3      | Reached XP level 5. HP: 26/33 MP: 5/5
  2635 | D:3      | Found a shattered altar of Ashenzari.
  2719 | D:4      | Noticed a phantom
  3024 | D:4      | Killed a phantom
  3024 | D:4      | Reached XP level 6. HP: 20/39 MP: 6/6
  3269 | D:4      | Found Iniseh's Magic Scroll Shop.
  3314 | D:4      | Reached skill level 4 in Axes
  3829 | D:4      | Reached XP level 7. HP: 42/44 MP: 7/7
  4668 | D:5      | Entered Level 5 of the Dungeon
  4690 | D:5      | Reached skill level 5 in Fighting
  4690 | D:5      | Reached skill level 5 in Armour
  4690 | D:5      | Reached skill level 5 in Shields
  4768 | D:5      | Reached skill level 5 in Axes
  4932 | D:5      | Reached skill level 1 in Evocations
  4932 | D:5      | Reached XP level 8. HP: 48/49 MP: 8/8
  4977 | D:5      | Found a burning altar of Makhleb.
  5373 | D:5      | Noticed Blork the orc
  5383 | D:5      | Killed Blork the orc
  5732 | D:6      | Found a bloodstained altar of Trog.
  5872 | D:6      | Noticed Sigmund
  5877 | D:6      | Killed Sigmund
  5997 | D:6      | Noticed Menkaure
  6004 | D:6      | Killed Menkaure
  6004 | D:6      | Reached skill level 6 in Axes
  6138 | D:6      | Noticed Edmund
  6148 | D:6      | Killed Edmund
  6148 | D:6      | Reached XP level 9. HP: 17/55 MP: 9/11
  6662 | D:6      | Found a stormy altar of Qazlal.
  6662 | D:6      | Found a snail-covered altar of Cheibriados.
  6670 | D:6      | Found a hazy altar of Hepliaklqana.
  6715 | D:6      | You fall through a shaft!
  6783 | D:7      | Found a staircase to the Ecumenical Temple.
  6804 | Temple   | Entered the Ecumenical Temple
  6812 | Temple   | Became a worshipper of Warmaster Okawaru
  6826 | D:7      | Reached skill level 7 in Axes
  7021 | D:6      | Found a shimmering altar of Xom.
  7031 | D:6      | Reached * piety under Okawaru
  7101 | D:6      | Found a runed door.
  7105 | D:6      | Noticed Crazy Yiuf
  7113 | D:6      | Killed Crazy Yiuf
  7837 | D:7      | Noticed Prince Ribbit
  7853 | D:7      | Killed Prince Ribbit
  7853 | D:7      | Reached ** piety under Okawaru
  7984 | D:8      | Reached XP level 10. HP: 63/63 MP: 13/13
  8148 | D:8      | Noticed a two-headed ogre
  8159 | D:8      | Killed a two-headed ogre
  8159 | D:8      | Reached skill level 8 in Axes
  8462 | D:8      | Found a sparkling altar of Nemelex Xobeh.
  8729 | D:8      | Found a hide-covered altar of Uskayaw.
  9065 | D:8      | Reached *** piety under Okawaru
  9440 | D:9      | Found a white marble altar of Elyvilon.
  9526 | D:9      | Found a shadowy altar of Dithmenos.
  9645 | D:9      | Reached skill level 5 in Evocations
  9955 | D:9      | Reached **** piety under Okawaru
 10337 | D:9      | Found a staircase to the Lair.
 10344 | D:9      | Found a radiant altar of Vehumet.
 10862 | D:10     | Entered Level 10 of the Dungeon
 10868 | D:10     | Found a hazy altar of Hepliaklqana.
 10939 | D:10     | Reached skill level 9 in Axes
 10939 | D:10     | Reached skill level 1 in Invocations
 11072 | D:10     | HP: 3/64 [something (2)]
 11073 | D:10     | Killed an unseen horror
 11073 | D:10     | Reached XP level 11. HP: 4/68 MP: 13/15
 11902 | D:10     | Noticed a two-headed ogre
 11915 | D:10     | Killed a two-headed ogre
 12146 | Lair:1   | Entered Level 1 of the Lair of Beasts
 12586 | Lair:1   | Reached ***** piety under Okawaru
 13498 | Lair:1   | Reached skill level 10 in Axes
 14051 | Lair:1   | Received a gift from Okawaru
 14064 | Lair:1   | Got a steaming helmet {god gift}
 14075 | Lair:1   | Identified the +0 helmet "Galorepn" {Regen+ Str+2} (Okawaru
                  | gifted it to you on level 1 of the Lair of Beasts)
 14136 | Lair:2   | Noticed Sonja
 14157 | Lair:2   | Killed Sonja
 14157 | Lair:2   | Reached XP level 12. HP: 69/76 MP: 14/16
 14323 | Lair:2   | Noticed an eight-headed hydra
 14342 | Lair:2   | Killed an eight-headed hydra
 14538 | Lair:2   | Reached ****** piety under Okawaru
 14794 | Lair:2   | Found a runed door.
 14795 | Lair:2   | Noticed PeterLawrence's ghost (journeyman MiFi)
 14796 | Lair:2   | Noticed a four-headed hydra
 15300 | Lair:2   | Reached skill level 5 in Invocations
 15425 | Lair:3   | Found a dark tunnel.
 15440 | Volcano  | Entered a volcano
 15747 | Lair:3   | Got a clouded jade ring
 15748 | Lair:3   | Identified the ring of the Tempest {rPois rF+ rN+} (You
                  | found it on level 3 of the Lair of Beasts)
 15945 | Lair:3   | Found a hole to the Spider Nest.
 15999 | Spider:1 | Entered Level 1 of the Spider Nest
 16275 | Lair:3   | Reached skill level 11 in Axes
 16910 | Lair:4   | Reached skill level 10 in Armour
 16983 | Lair:4   | Noticed a spriggan rider
 16996 | Lair:4   | Received a gift from Okawaru
 17001 | Lair:4   | Reached skill level 10 in Fighting
 17005 | Lair:4   | Reached skill level 10 in Shields
 17005 | Lair:4   | Reached XP level 13. HP: 46/82 MP: 18/18
 17330 | Lair:4   | Found a staircase to the Swamp.
 17423 | Lair:4   | Got a spiked chain mail
 17435 | Lair:4   | Identified the +4 chain mail of Licizahu {*Contam Str+7
                  | Dex+4} (You found it on level 4 of the Lair of Beasts)
 17457 | Lair:4   | Gained mutation: Potions are less effective at restoring
                  | your health. [mutagenic glow]
 17470 | Lair:4   | Lost mutation: Potions are less effective at restoring your
                  | health. [potion of mutation]
 17470 | Lair:4   | Gained mutation: Your muscles are strong. (Str +2) [potion
                  | of mutation]
 17470 | Lair:4   | Gained mutation: You are resistant to hostile enchantments.
                  | (MR+) [potion of mutation]
 17935 | Lair:5   | Found a transporter.
 18013 | Lair:5   | Found a transporter.
 18737 | Lair:6   | Entered Level 6 of the Lair of Beasts
 19189 | Lair:6   | Received a gift from Okawaru
 19214 | Lair:6   | Got an encrusted hat {god gift}
 19225 | Lair:6   | Identified the +0 hat "Xidoxoj" {rElec Int+9 Dex-2 SInv}
                  | (Okawaru gifted it to you on level 6 of the Lair of Beasts)
 19465 | Lair:6   | Noticed Kirke
 19494 | Lair:6   | HP: 1/83 [hog[Kirke] (12)]
 19762 | Lair:6   | Killed Kirke
 19892 | Lair:6   | Reached skill level 12 in Axes
 20504 | Lair:6   | Noticed a fire dragon
 20506 | Lair:6   | Found a large runed door.
 20506 | Lair:6   | Found a large runed door.
 20577 | Lair:6   | Killed a fire dragon
 20577 | Lair:6   | Gained mutation: Your large and strong wings let you fly
                  | indefinitely. [Gargoyle growth]
 20577 | Lair:6   | Reached XP level 14. HP: 42/88 MP: 13/20
 20901 | Lair:6   | Noticed an entropy weaver
 20962 | Lair:6   | Killed an entropy weaver
 21136 | Lair:6   | Noticed an entropy weaver
 21248 | Lair:6   | Killed an entropy weaver
 21456 | Lair:6   | Received a gift from Okawaru
 21884 | Lair:6   | Found a staircase to the Slime Pits.
 22602 | D:11     | Noticed Nergalle
 22621 | D:11     | Killed Nergalle
 23242 | D:11     | Noticed Maurice
 23258 | D:11     | Killed Maurice
 24132 | D:12     | Found a staircase to the Orcish Mines.
 24509 | D:12     | Noticed Nessos
 24545 | D:12     | Killed Nessos
 24545 | D:12     | Received a gift from Okawaru
 24834 | D:12     | Reached skill level 13 in Axes
 24840 | D:12     | Found a stormy altar of Qazlal.
 24935 | D:12     | Noticed Gastronok
 24976 | D:12     | Killed Gastronok
 25971 | D:13     | Found a frozen archway.
 25990 | IceCv    | Entered an ice cave
 26020 | IceCv    | Reached XP level 15. HP: 69/96 MP: 21/21
 27160 | D:14     | Received a gift from Okawaru
 27265 | D:14     | Got a translucent hand axe {god gift}
 27266 | D:14     | Identified the +3 hand axe of the Sybil {antimagic, +Rage
                  | +Fly MR- SInv} (Okawaru gifted it to you on level 14 of the
                  | Dungeon)
 28059 | D:14     | Received a gift from Okawaru
 28121 | D:14     | Identified a scroll of acquirement
 28122 | D:14     | Got a pair of bloodstained gloves
 28133 | D:14     | Identified the +2 pair of gloves "Veanaaho" {Int+8} (You
                  | acquired it on level 14 of the Dungeon)
 28158 | D:14     | Found a gate to the Vaults.
 28362 | D:14     | Noticed Snorg
 28374 | D:14     | Killed Snorg
 28839 | D:14     | Received a gift from Okawaru
 29050 | D:15     | Entered Level 15 of the Dungeon
 29448 | D:15     | Reached skill level 14 in Axes
 29701 | D:15     | Noticed Zebedee's ghost (journeyman SpHu)
 29702 | D:15     | Found a transporter.
 29732 | D:15     | Found a transporter.
 29831 | D:15     | Received a gift from Okawaru
 29834 | D:15     | Got a brightly glowing chain mail {god gift}
 29845 | D:15     | Identified the +6 chain mail of Daffodils {Str-4 Dex+10
                  | Slay+2} (Okawaru gifted it to you on level 15 of the
                  | Dungeon)
 29912 | D:15     | Reached XP level 16. HP: 88/103 MP: 23/23
 30018 | D:15     | Reached skill level 10 in Evocations
 30391 | D:15     | Reached skill level 10 in Invocations
 30668 | D:14     | HP: 1/103 [six-headed hydra (6)]
 31714 | D:14     | Got a brightly glowing lead ring
 31995 | D:15     | Found a staircase to the Depths.
 32040 | D:15     | Got a steaming chain mail
 32051 | D:15     | Identified the +7 chain mail of Hadjma {rPois Int+2 Stlth+}
                  | (You found it on level 15 of the Dungeon)
 32155 | D:15     | Got a jewelled whip
 32156 | D:15     | Identified the +6 whip "Waaluwn" {speed, rElec rPois rN++
                  | Int-3} (You found it on level 15 of the Dungeon)
 32160 | D:15     | Identified the ring of the Dragon {*Drain +Fly rElec rC-
                  | Int+2 Dex+8} (You took it off a centaur warrior on level 14
                  | of the Dungeon)
 32315 | Orc:1    | Entered Level 1 of the Orcish Mines
 33363 | Orc:2    | Entered Level 2 of the Orcish Mines
 33501 | Orc:2    | Received a gift from Okawaru
 34392 | Orc:2    | Received a gift from Okawaru
 34392 | Orc:2    | Reached skill level 1 in Dodging
 35004 | Orc:2    | Found a staircase to the Elven Halls.
 35168 | Orc:2    | Found Ceff's Assorted Antiques.
 35168 | Orc:2    | Found Kacsieh's Armour Boutique.
 35175 | Orc:2    | Found Abek's Weapon Shoppe.
 35180 | Orc:2    | Found Hoixzu's Antique Weapon Shop.
 35226 | Orc:2    | Bought a faintly glowing hunting sling for 214 gold pieces
 35227 | Orc:2    | Identified the +4 hunting sling of Satyriasis {venom, rC+}
                  | (You bought it in a shop on level 2 of the Orcish Mines)
 35436 | Orc:2    | Noticed Josephine
 35460 | Orc:2    | Killed Josephine
 35959 | Swamp:1  | Entered Level 1 of the Swamp
 36518 | Swamp:1  | Received a gift from Okawaru
 37572 | Swamp:2  | Reached XP level 17. HP: 98/108 MP: 24/24
 37903 | Swamp:2  | Reached skill level 15 in Axes
 39238 | Swamp:3  | Received a gift from Okawaru
 39247 | Swamp:3  | Got a warped broad axe {god gift}
 39248 | Swamp:3  | Identified the +4 broad axe of Lusuept {flame, rC+}
                  | (Okawaru gifted it to you on level 3 of the Swamp)
 40135 | Swamp:4  | Entered Level 4 of the Swamp
 40682 | Swamp:4  | Received a gift from Okawaru
 40799 | Swamp:4  | Noticed a tentacled monstrosity
 40859 | Swamp:3  | Killed a tentacled monstrosity
 42229 | Swamp:4  | Reached XP level 18. HP: 106/116 MP: 26/26
 42833 | Swamp:4  | Got a decaying rune of Zot
 43564 | Spider:1 | Received a gift from Okawaru
 43621 | Spider:1 | Identified a +0 pair of boots of running (Okawaru gifted it
                  | to you on level 1 of the Spider Nest)
 44554 | Spider:2 | Reached skill level 16 in Axes
 45612 | Spider:2 | Reached skill level 5 in Dodging
 45967 | Spider:3 | Received a gift from Okawaru
 46834 | Spider:3 | Received a gift from Okawaru
 47017 | Spider:3 | Got a brightly glowing whip
 47018 | Spider:3 | Identified the +3 whip "Oplerool" {distort, -Tele rF++
                  | Int+6} (You found it on level 3 of the Spider Nest)
 47348 | Spider:4 | Entered Level 4 of the Spider Nest
 47414 | Spider:3 | HP: 4/116 [demonic crawler (4)]
 47414 | Spider:3 | Mangled by a wolf spider

Skill      XL: |  1  2  3  4  5  6  7  8  9 10 11 12 13 14 15 16 17 18 |
---------------+-------------------------------------------------------+-----
Axes           | 2 3 4 5 6 7 9 10 11 12 13 14 15 16 | 16.3
Shields        | 4 5 6 7 8 9 10 11 12 13 14 | 14.3
Fighting       | 4 5 6 7 8 9 10 11 12 13 14 | 14.3
Armour         | 4 5 6 7 8 9 10 11 12 13 14 | 14.3
Evocations     | 1 2 4 5 6 7 8 9 10 11 | 11.7
Invocations    | 1 4 5 7 8 9 10 | 10.4
Dodging        | 2 4 5 |  5.3

Action                   |  1- 3 |  4- 6 |  7- 9 | 10-12 | 13-15 | 16-18 || total
-------------------------+-------+-------+-------+-------+-------+-------++-------
Melee: War axe           |   112 |   309 |   383 |   854 |  1378 |   600 ||  3636
       Morningstar       |       |       |       |     7 |   196 |    16 ||   219
       Unarmed           |       |       |       |       |     8 |       ||     8
       Broad axe         |       |       |       |       |   351 |  1036 ||  1387
       Whip              |       |       |       |       |       |     7 ||     7
 Fire: Hunting sling     |       |       |     4 |    20 |       |       ||    24
Invok: Heroism           |       |       |       |     6 |    16 |     9 ||    31
       Finesse           |       |       |       |       |     5 |       ||     5
 Abil: Fly               |       |       |       |       |       |     1 ||     1
  Use: Scroll            |       |       |    15 |     9 |     9 |    12 ||    45
       Potion            |       |       |       |       |     1 |       ||     1
  Eat: Chunk             |     1 |     6 |    11 |    17 |    23 |    28 ||    86
       Ration            |       |     1 |     1 |     4 |     6 |    10 ||    22
Armor: Scale mail        |    58 |   179 |    43 |       |       |       ||   280
       Chain mail        |       |       |   152 |    19 |     7 |  1270 ||  1448
       Plate armour      |       |       |       |   545 |  1291 |       ||  1836
Dodge: Dodged            |    32 |    90 |    65 |   118 |   307 |   471 ||  1083
       Deflected         |       |       |       |       |     5 |       ||     5
Block: Shield            |    53 |   146 |    95 |       |       |       ||   294
       Large shield      |       |       |   131 |   905 |  2084 |  2041 ||  5161
